 Dungeon Crawl Stone Soup version 0.31-a0-232-gb1c03b2570 (webtiles) character file.

Game seed: 10740962657859626814

49 qw the Shooter (level 3, -2/29 HPs)
             Began as a Minotaur Hexslinger on July 7, 2023.
             Slain by Terence
             ... wielding a +0 falchion
              (5 damage)
             ... on level 3 of the Dungeon.
             The game lasted 00:00:38 (2110 turns).

qw the Shooter (Minotaur Hexslinger)                Turns: 2110, Time: 00:00:38

Health: -2/29      AC:  5    Str: 12    XL:     3   Next: 53%
Magic:  3/3        EV: 11    Int: 10    God:
Gold:   163        SH:  0    Dex: 14    Spells: 3/4 levels left

rFire   . . .        Y - +2 sling
rCold   + . .        (no shield)
rNeg    . . .        j - +0 ring mail
rPois   .            (helmet restricted)
rElec   .            (no cloak)
rCorr   .            (no gloves)
SInv    .            (no boots)
Will    .....        (no amulet)
Stlth   +            c - ring of protection from cold
HPRegen 0.24/turn    (no ring)
MPRegen 0.08/turn

%: no passive effects
@: no status effects
A: horns 2, retaliatory headbutt
a: no special abilities


You were on level 3 of the Dungeon.
You visited 1 branch of the dungeon, and saw 3 of its levels.

You collected 163 gold pieces.


Innate Abilities, Weirdness & Mutations

You have a pair of horns on your head.
You reflexively headbutt those who attack you in melee.


   Skills:
 - Level 2.0 Fighting
 - Level 4.0 Ranged Weapons
 + Level 0.9 Armour
 - Level 2.1 Dodging
 - Level 1.0 Spellcasting
 - Level 2.0 Hexes


You had 3 spell levels left.
You knew the following spells:

 Your Spells              Type           Power      Damage    Failure   Level
a - Slow                  Hex            16%        N/A       34%         1

Your spell library contained the following spells:

 Spells                   Type           Power      Damage    Failure   Level
 Inner Flame              Hex/Fire       2%         N/A       83%         3
 Portal Projectile        Hex/Tloc       4%         N/A       83%         3
 Cause Fear               Hex            2%         N/A       98%         4

Inventory:

Hand Weapons
 Y - a +2 sling (weapon)
Armour
 a - a +1 hat
 j - a +0 ring mail (worn)
Jewellery
 c - a ring of protection from cold (left hand)
 h - a ring of positive energy
Scrolls
 i - a scroll of revelation {unknown}
 k - a scroll of silence {unknown}
 m - a scroll of identify
Potions
 b - a potion of brilliance {unknown}
 d - 2 potions of curing {unknown}
 e - a potion of enlightenment {unknown}
 f - a potion of haste
 g - a potion of heal wounds {unknown}
 l - a potion of might {unknown}

Dungeon Overview and Level Annotations

Branches:
Dungeon (3/15)

Altars:
Xom

Shops:
D:2 *   D:3 :

Annotations:
D:3 Terence


Message History

Enter note:
Enter note:
Enter note: You shoot a sling bullet.
The sling bullet hits Terence.
Terence is lightly wounded.
You shoot a sling bullet.
The sling bullet hits Terence but does no damage.
Terence is lightly wounded.
You shoot a sling bullet.
The sling bullet hits Terence but does no damage.
Terence is lightly wounded.
Terence screams, "I want your blood!"
You shoot a sling bullet. The sling bullet hits Terence.
Terence is lightly wounded.
You shoot a sling bullet.
The sling bullet completely misses Terence.
Terence hits you with a +0 falchion.
You shoot a sling bullet. The sling bullet barely misses Terence.
Terence hits you with a +0 falchion. x2
You shoot a sling bullet. The sling bullet hits Terence.
Terence is moderately wounded.
Terence barely misses you.
You shoot a sling bullet.
The sling bullet completely misses Terence.
Terence misses you.
You shoot a sling bullet.
The sling bullet hits Terence but does no damage.
Terence is moderately wounded.
Terence hits you with a +0 falchion! Terence closely misses you.
You shoot a sling bullet. The sling bullet hits Terence.
Terence is heavily wounded.
Terence hits you with a +0 falchion.
You shoot a sling bullet.
The sling bullet closely misses Terence.
Terence hits you with a +0 falchion.
You shoot a sling bullet.
The sling bullet completely misses Terence.
Terence asks, "Do you want it fast or slow?"
Terence hits you with a +0 falchion.
You die...

.#
#..###########.....[.####.#
.#
##..#######.##.......####.#
.#
..........##...)...#....##
.#
..........##.......#.##...
.#
..........####+#####.##.##
###
........####.#####....##
..#
........##...<......####
..# ........##..........# #
..# ......@@............#
..# ....................#
..# .......>............#
..# ##.###....<.........#
..# # #.###..........# ..#
#. #..........# ..#
#.###..........# ..#
#..........##### ..#
#########.#


You could see Terence.

Vanquished Creatures
  An adder (D:2)
  An orc (D:3)
  4 ball pythons
  An endoplasm (D:2)
  2 giant cockroaches (D:1)
  5 hobgoblins (D:2)
  3 jackals (D:1)
  2 quokkas (D:1)
  3 bats
  3 frilled lizards
  7 goblins
  A kobold (D:2)
  4 rats
37 creatures vanquished.

Notes
Turn   | Place    | Note
-------+----------+-------------------------------------------
     0 | D:1      | qw the Minotaur Hexslinger began the quest for the Orb.
     0 | D:1      | Reached XP level 1. HP: 16/16 MP: 1/1
     0 | D:1      | 0 ||| qw: Version: 0.3-a-46-gb1f654a
     0 | D:1      | 0 ||| qw: Game counter: 2585
     0 | D:1      | 0 ||| qw: Melee chars always use a shield: true
     0 | D:1      | 0 ||| qw: God list: Okawaru
     0 | D:1      | 0 ||| qw: Allow faded altars: false
     0 | D:1      | 0 ||| qw: Do Orc after clearing Dungeon:15 true
     0 | D:1      | 0 ||| qw: Do second Lair branch before Depths: true
     0 | D:1      | 0 ||| qw: Lair rune preference: random
     0 | D:1      | 0 ||| qw: Goals: Normal
     0 | D:1      | 0 ||| PLANNING D:1-11
   104 | D:1      | HP: 3/16 [jackal (3)]
   253 | D:1      | Reached skill level 3 in Ranged Weapons
   253 | D:1      | Reached XP level 2. HP: 20/23 MP: 2/2
  1021 | D:1      | 1021 ||| UPGRADING to +0 ring mail.
  1031 | D:1      | 1031 ||| DROPPING +0 robe.
  1032 | D:1      | 1032 ||| READING scroll labelled DERGHY JIFI.
  1035 | D:1      | 1035 ||| READING scroll labelled CEAGA QIGEGY.
  1036 | D:1      | 1036 ||| READING scroll labelled IXOACS UFOUSM.
  1037 | D:1      | 1037 ||| READING scroll labelled VOCIORUCAEM.
  1038 | D:1      | 1038 ||| READING scroll labelled FAFASA REXYUDOO.
  1039 | D:1      | 1039 ||| READING scroll labelled CUTEANOIRE.
  1040 | D:1      | 1040 ||| DRINKING 2 emerald potions.
  1041 | D:1      | 1041 ||| DROPPING scroll of poison.
  1042 | D:1      | 1042 ||| DROPPING potion of magic.
  1159 | D:2      | Reached XP level 3. HP: 23/29 MP: 3/3
  1230 | D:2      | Found a shimmering altar of Xom.
  1503 | D:2      | Reached skill level 4 in Ranged Weapons
  1524 | D:2      | Found Nunibeow's General Store.
  1533 | D:2      | 1533 ||| SHOPLISTING +1 pair of boots of flying (181 gold,
                  | have 135).
  1885 | D:2      | 1885 ||| UPGRADING to ring of protection from cold.
  1886 | D:2      | 1886 ||| READING scroll labelled XIMISILLAE.
  1887 | D:2      | 1887 ||| DRINKING 2 fizzy pink potions.
  2022 | D:3      | Found Yzy Ygipn's Book Shoppe.
  2098 | D:3      | Noticed Terence
  2109 | D:3      | HP: 3/29 [Terence/+0 falchion (5)]
  2110 | D:3      | Slain by Terence

Levels and vault maps discovered:
D:1:      wheals_arrival_linesprint, layout_loops_cross, serial_forest,
          infiniplex_forest_lined_2, infiniplex_forest_lined_2,
          infiniplex_forest_lined_room_2, infiniplex_forest_lined_2,
          infiniplex_forest_straight_3, infiniplex_forest_lined_corner,
          infiniplex_forest_end_3, infiniplex_forest_corner_2,
          infiniplex_forest_corner_1
D:2:      layout_basic, basic_altar, serial_shops, shop
D:3:      cheibrodos_old_hovel, layout_basic, serial_shops, shop, uniq_terence

Skill      XL: |  1  2  3 |
---------------+----------+-----
Ranged Weapons | 3 4 |  4.0
Fighting       | 2 |  2.0
Armour         | |  0.9
Dodging        | |  2.1
Spellcasting   | |  1.0
Hexes          | |  2.0

Action                     || total
---------------------------++-------
   Fire: Sling             ||   120
    Use: Scroll            ||     7
         Potion            ||     2
 Armour: Robe              ||     8
         Ring mail         ||     3
  Dodge: Dodged            ||    32

Table legend:
 A = Non-vault XP
 B = Vault XP
 C = Vault XP percentage of total XP
 D = Non-vault monster count
 E = Vault monster count
 F = Vault count percentage of total count
                 A         B        C        D         E       F
            +---------+---------+-------+---------+---------+-------
      Total |      70 |       1 |   1.4 |      36 |       1 |   2.7
            +---------+---------+-------+---------+---------+-------
        D:1 |      28 |       0 |   0.0 |      17 |       0 |   0.0
        D:2 |      38 |       0 |   0.0 |      17 |       0 |   0.0
        D:3 |       4 |       1 |  20.0 |       2 |       1 |  33.3
            +---------+---------+-------+---------+---------+-------
